AoeStats
← Tyler8274

Arabia

510040793Analyzed
1v1 RM · 4d ago on Sep 29, 2026· 55m 18s· 2 players
Game mode
Random Map
Map size
Tiny (2 player)
Population
200
Speed
Normal
Resources
Standard
Victory
Conquest
Starting age
Dark Age
Ending age
Imperial Age
RankedLock teamsTeams togetherTeam positionsShared explorationLock speedFull tech treeHidden civsTurbo modeCheats
Victory
Defeat
🇪🇸 Celts · Spain
744
+18
🇺🇸 Goths · United States
791
-42
Acteón50
10:59 Feudal Age
11:39 Double-Bit Axe
13:40 Loom
17:24 Castle Age
17:43 Forging
17:35 Scale Mail Armor
17:21 Horse Collar
21:14 Wheelbarrow
25:14 Hand Cart
25:42 Fletching
27:34 Heavy Plow
27:45 Bow Saw
27:41 Bodkin Arrow
29:04 Town Watch
33:28 Imperial Age
32:57 Town Patrol
33:40 Ballistics
34:57 Chain Mail Armor
35:18 Iron Casting
36:12 Arson
37:00 Plate Mail Armor
41:15 Blast Furnace
40:30 Capped Ram
42:06 Furor Celtica
41:51 Stronghold
44:14 Murder Holes
44:25 Siege Engineers
Tyler8274
2:48 Loom
10:07 Feudal Age
11:58 Horse Collar
12:04 Double-Bit Axe
18:44 Wheelbarrow
22:11 Castle Age
21:56 Fletching
22:06 Padded Archer Armor
24:43 Bodkin Arrow
25:03 Leather Archer Armor
24:57 Heavy Plow
25:19 Bow Saw
24:54 Crossbowman
29:35 Hand Cart
29:23 Gold Mining
29:28 Stone Mining
30:34 Forging
30:24 Scale Mail Armor
32:54 Town Watch
33:14 Squires
35:13 Town Patrol
36:15 Anarchy
39:02 Imperial Age
38:37 Forging
38:27 Scale Mail Armor
41:01 Iron Casting
40:41 Chain Mail Armor
40:01 Elite Huskarl
40:42 Perfusion
Connection lost

Rejoining the realm…

Still unreachable

The connection could not be restored.

Session expired

The server has moved on; the page needs a fresh start.